 Dungeon Crawl Stone Soup version 0.18.1-50-g88ac8fd (webtiles) character file.

453 grisgris the Skirmisher (level 7, 0/44 HPs)
             Began as a Gargoyle Fighter on Oct 22, 2016.
             Was a Follower of Qazlal.
             Slain by an iguana (6 damage)
             ... on level 4 of the Dungeon.
             The game lasted 00:09:07 (3412 turns).

grisgris the Skirmisher (Gargoyle Fighter)          Turns: 3412, Time: 00:09:07

Health: 0/44       AC: 12    Str: 21      XL:     7   Next: 5%
Magic:  7/7        EV:  6    Int:  9      God:    Qazlal [*.....]
Gold:   97         SH: 15    Dex:  6 (9)  Spells: 0 memorised, 6 levels left

rFire  . . .     SeeInvis .     a - +1 flail
rCold  . . .     Gourm    .     b - +0 scale mail
rNeg   + . .     Faith    .     e - +0 large shield
rPois  ∞         Spirit   .     (no helmet)
rElec  +         Dismiss  .     (no cloak)
rCorr  .         Reflect  .     (no gloves)
SustAt .         Harm     .     (no boots)
MR     .....                    (no amulet)
Stlth  ..........               (no ring)
                                m - +3 ring of slaying

@: not resistant to hostile enchantments, extremely unstealthy
A: negative energy resistance 1, electricity resistance, unbreathing,
petrification resistance, rot immunity, AC +4
a: Renounce Religion


You were on level 4 of the Dungeon.
You worshipped Qazlal.
Qazlal was aware of your devotion.
You were hungry.

You visited 2 branches of the dungeon, and saw 6 of its levels.

You collected 97 gold pieces.

Inventory:

Hand Weapons
 a - a +1 flail (weapon)
Armour
 b - a +0 scale mail (worn)
 e - a +0 large shield (worn)
Jewellery
 m - a +3 ring of slaying (left hand)
Wands
 q - a wand of lightning (8/15)
 t - a wand of random effects (33/48)
Scrolls
 d - a scroll of identify
 g - a scroll of teleportation
 h - 3 scrolls of remove curse
 l - a scroll of magic mapping
 p - a scroll of amnesia
 r - a scroll of fear {unknown}
Potions
 i - 4 potions of cancellation
 j - 2 potions of heal wounds
 s - 2 potions of cure mutation {unknown}
 u - a potion of curing
Comestibles
 c - a beef jerky
 f - 3 bread rations
 k - a slice of pizza
 n - a meat ration


   Skills:
 * Level 5.5 Fighting
 + Level 3.5 Maces & Flails
 + Level 4.4 Armour
 + Level 2.1 Dodging
 + Level 4.4 Shields


You had 6 spell levels left.
You didn't know any spells.

Dungeon Overview and Level Annotations

Branches:
Dungeon (5/15)             Temple (1/1) D:4

Altars:
Ashenzari
Elyvilon
Fedhas
Makhleb
Nemelex Xobeh
Okawaru
Qazlal
Ru
Sif Muna
Trog
Xom
Yredelemnul
Zin
The Shining One


Innate Abilities, Weirdness & Mutations

You are resistant to torment.
Your stone body is resilient (AC +4).
You are immune to poison.
You resist negative energy.
You are resistant to electric shocks.
You can survive without breathing.
You are immune to petrification.
You are immune to rotting.


Message History

The sky beast is heavily wounded.
The sky beast barely misses you. The iguana bites you.
The sky beast flickers out of sight!
Deactivating autopickup; reactivate with Ctrl-A.
You block something's attack.
You miss something. The iguana bites you.
Something hits you but does no damage. You block the iguana's attack.
Something hits you but does no damage.
You miss something. The iguana barely misses you.
Something hits you but does no damage.
Your shield and scale mail prevent you from hitting something.
The iguana bites you! Something completely misses you. The iguana bites you!
* * * LOW HITPOINT WARNING * * *
You sock something! Qazlal accepts your kill.
You are surrounded by a storm.
Reactivating autopickup.
You have reached level 7!
You feel your strength returning.
You feel a bit more experienced. The iguana bites you.
You die...

#.##.........##.#.# ##..
#.##.........##.#.#########.
#.##.........##...........##
#.##.....)...####.#####.#.#
######.##.........# #.# ##....#
.....#.##.........# #.###.....##
###....##.........## #.##.......#
# #..#.##......l...###...........
###.............@...#####........
.......######..##.8.## ##.....#.
###.##.# #..#.....# ##...##. #
#.##.# #..#8.>.8# ##(###. .
..##.. #..#.....# #.# #.
###...... ##.8.## #.# #. ...
##..# #####.###. .. ..##
#......... .... ....###.....


You could see an iguana.

Vanquished Creatures
  A phantom (D:4)
  A sky beast (D:4)
  An orc wizard (D:4)
  Natasha (thrice) (D:3)
  3 gnolls (D:2)
  7 adders
  2 oozes (D:1)
  2 dart slugs
  4 orcs (D:4)
  6 bats
  3 giant cockroaches
  3 goblins
  6 hobgoblins
  5 jackals (D:2)
  5 kobolds
  2 quokkas (D:2)
  2 ball pythons
  2 giant newts
  8 rats
66 creatures vanquished.

Vanquished Creatures (others)
  A kobold (D:2)
1 creature vanquished.

Grand Total: 67 creatures vanquished

Notes
Turn   | Place    | Note
--------------------------------------------------------------
     0 | D:1      | grisgris the Gargoyle Fighter began the quest for the Orb.
     0 | D:1      | Reached XP level 1. HP: 14/14 MP: 1/1
   173 | D:2      | Reached XP level 2. HP: 5/19 MP: 2/2
   798 | D:1      | Reached XP level 3. HP: 24/24 MP: 3/3
   951 | D:1      | Reached skill level 1 in Dodging
  1170 | D:2      | Reached skill level 4 in Fighting
  1213 | D:2      | Reached XP level 4. HP: 14/29 MP: 4/4
  1267 | D:2      | Found a stormy altar of Qazlal.
  1275 | D:2      | Became a worshipper of Qazlal Stormbringer
  1931 | D:3      | Noticed Natasha
  1950 | D:3      | Killed Natasha
  1950 | D:3      | Reached XP level 5. HP: 9/34 MP: 5/5
  2123 | D:3      | Noticed Natasha
  2130 | D:3      | Killed Natasha
  2199 | D:3      | Noticed Natasha
  2208 | D:3      | Killed Natasha
  2865 | D:4      | Noticed a phantom
  2900 | D:4      | Killed a phantom
  2900 | D:4      | Reached skill level 5 in Fighting
  2900 | D:4      | Reached XP level 6. HP: 37/40 MP: 6/6
  2966 | D:4      | Found a staircase to the Ecumenical Temple.
  3095 | Temple   | Entered the Ecumenical Temple
  3399 | D:5      | Entered Level 5 of the Dungeon
  3399 | D:5      | Found an iron altar of Okawaru.
  3399 | D:5      | Noticed a sky beast
  3412 | D:4      | Killed a sky beast
  3412 | D:4      | Reached * piety under Qazlal
  3412 | D:4      | Reached XP level 7. HP: 6/44 MP: 7/7
  3412 | D:4      | Slain by an iguana

Skill      XL: |  1  2  3  4  5  6 |
---------------+-------------------+-----
Dodging        | 1 2 |  2.1
Fighting       | 4 5 |  5.5
Maces & Flails | 3 |  3.5
Armour         | 4 |  4.4
Shields        | 4 |  4.4

Action                   |  1- 3 |  4- 6 |  7- 9 || total
-------------------------+-------+-------+-------++-------
Melee: Flail             |   146 |   195 |       ||   341
  Use: Scroll            |     4 |     4 |       ||     8
       Potion            |       |     8 |       ||     8
  Eat: Chunk             |     1 |     7 |       ||     8
Armor: Scale mail        |    58 |    88 |       ||   146
Dodge: Dodged            |    35 |    43 |       ||    78
Block: Shield            |    27 |       |       ||    27
       Large shield      |    70 |   144 |       ||   214
